 Dungeon Crawl Stone Soup version 0.26.0-10-g1f06aea511 (webtiles) character file.

Game seed: 16239636029799061224

4 Goblin1989 the Sneak (level 1, -4/18 HPs)
             Began as a Demonspawn Delver on Feb 8, 2021.
             Killed by divine providence
             ... invoked by an orc priest
              (12 damage)
             ... on level 5 of the Dungeon.
             The game lasted 00:02:29 (770 turns).

Goblin1989 the Sneak (Demonspawn Delver)             Turns: 770, Time: 00:02:30

Health: -4/18      AC:  3    Str: 12    XL:     1   Next: 58%
Magic:  1/1        EV: 12    Int: 11    God:
Gold:   13         SH:  0    Dex: 14    Spells: 0/0 levels left

rFire    . . .     SeeInvis .   a - +0 mace
rCold    . . .     Faith    .   (no shield)
rNeg     . . .     Spirit   .   b - +0 leather armour
rPois    .         Reflect  .   (no helmet)
rElec    .         Harm     .   (no cloak)
rCorr    .         Rampage  .   (no gloves)
Will     .....                  (no boots)
Stlth    ++........             (no amulet)
HPRegen  0.06/turn              (no ring)
MPRegen  0.07/turn              (no ring)

@: no status effects
A: no striking features
a: no special abilities


You were on level 5 of the Dungeon.
You visited 1 branch of the dungeon, and saw 2 of its levels.

You collected 13 gold pieces.

Inventory:

Hand Weapons
 a - a +0 mace (weapon)
Missiles
 P - 18 stones (quivered) {@Q3}
Armour
 b - a +0 leather armour (worn)
Wands
 g - a wand of digging (2) {@v1}
Scrolls
 c - a scroll of fog
 M - 2 scrolls of magic mapping
 N - a scroll of identify {unknown}
 O - a scroll of enchant weapon {unknown}
Potions
 f - a potion of haste {@q3,}


   Skills:
 - Level 3.0 Fighting
 + Level 2.2 Maces & Flails
 - Level 1.7 Dodging
 - Level 4.5 Stealth


You couldn't memorise any spells.
You didn't know any spells.
Your spell library was empty.

Dungeon Overview and Level Annotations

Branches:
Dungeon (6/15)
 Temple: D:4-7

Altars:

Shops:
D:5 =


Message History

You see here a spear.
An adder and a worker ant come into view.
Found a white potion.
The adder hisses angrily.
Found 22 stones.
Found a scroll labelled WEUVITR SUEQ.
The worker ant waves its antennae.
You see here a scroll labelled WEUVITR SUEQ.
The worker ant barely misses you. The worker ant barely misses you.
The worker ant barely misses you.
Evoke which item? (* to show all) (? for menu, Esc to quit)
Aiming: Dig
Press: ? - help, Shift-Dir - straight line A rock wall.
The rock shatters into small pieces.
The worker ant barely misses you.
Found 4 gold pieces.
Found a stone staircase leading down.
The worker ant barely misses you.
You open the door. The worker ant misses you.
The worker ant completely misses you.
Found a robe.
There is an open door here.
The worker ant bites you but does no damage.
Found 11 bolts and a short sword.
A hound comes into view.
The adder bites you.
You are poisoned.
The adder poisons you!
You take 2 damage, and have 16/18 hp.
You feel sick.
Found a scroll labelled REBLEE JOSOE.
You take 1 damage, and have 15/18 hp.
A ball python comes into view.
You feel sick. The adder barely misses you.
You take 1 damage, and have 14/18 hp.
The worker ant bites you.
You take 3 damage, and have 11/18 hp.
You feel sick.
You see here a scroll labelled REBLEE JOSOE.
You take 1 damage, and have 10/18 hp.
As you read the scroll of fear, it crumbles to dust.
You assume a fearsome visage.
The worker ant looks frightened!
The adder looks frightened!
You feel sick.
You feel sick.
You take 1 damage, and have 9/18 hp.
You feel sick.
You take 1 damage, and have 8/18 hp.
An ooze comes into view.
Found a stone staircase leading down.
You feel sick.
You are no longer poisoned.
You take 1 damage, and have 7/18 hp.
Found 12 arrows.
Found a stone staircase leading up.
The ooze quivers.
An adder comes into view.
There is a stone staircase leading up here.
You climb upwards.
There is a stone staircase leading down here.
You start resting.
An orc wizard is nearby!
You regained 9 hp, and now have 17/18 hp.
The orc wizard gestures at you while chanting.
You resist with significant effort.
You start resting.
An orc wizard is nearby!
An orc comes into view.
The orc wizard barely misses you.
You closely miss the orc wizard.
The orc wizard hits you with a cursed -2 dagger.
The orc shouts!
You hit the orc wizard.
The orc wizard is moderately wounded.
An orc priest comes into view. It is wielding a +0 club.
The orc wizard barely misses you.
An orc comes into view. It is wielding a +0 flail.
Unknown command.
The orc priest shouts!
You hit the orc wizard.
The orc wizard is heavily wounded.
The orc wizard misses you. x2
You hit the orc wizard.
The orc wizard is almost dead.
The orc priest looks braver for a moment.
The orc wizard hits you but does no damage.
You closely miss the orc wizard.
The orc wizard is almost dead.
The orc wizard casts a spell at you. The puff of flame hits you!
Ouch! That really hurt!
* * * LOW HITPOINT WARNING * * *
You take 9 damage, and have 8/18 hp.
MASSIVE DAMAGE!!
You sock the orc wizard!
You kill the orc wizard!
The orc priest invokes the aid of Beogh against you.
Beogh smites you!
Ouch! That really hurt!
You die...

█.████████..█
█.█ █.█ █>.█
█.█ █.█
█..███████.█
█.█
█..........█
█.█


█o██████████ █.█ █o█ █.█ █.█ █.████████o█ █........@.█ ████████████ You could
see an orc priest and 2 orcs.

Vanquished Creatures
  An orc wizard (D:5)
  An ooze (D:6)
2 creatures vanquished.

Notes
Turn   | Place    | Note
-------+----------+-------------------------------------------
     0 | D:5      | Goblin1989 the Demonspawn Delver began the quest for the
                  | Orb.
     0 | D:5      | Reached XP level 1. HP: 18/18 MP: 1/1
    91 | D:5      | Found Usiquf's Jewellery Shop.
   134 | D:5      | Noticed a scorpion
   182 | D:5      | Noticed an orc wizard
   240 | D:5      | Noticed a hound
   522 | D:6      | Noticed a worker ant
   573 | D:6      | Noticed a hound
   766 | D:5      | Noticed an orc priest
   770 | D:5      | Killed an orc wizard
   770 | D:5      | Killed from afar by an orc priest

Illustrated notes

Levels and vault maps discovered:
D:5:      layout_loops_ring, serial_shops, nicolae_shop_window_shopping
D:6:      lemuel_ratsnest, layout_basic, general_overflow_altar,
          ebering_ghost_sewer_f, tso_altar

Skill      XL: |  1 |
---------------+----+-----
Maces & Flails | 2 |  2.2
Fighting       | |  3.0
Dodging        | |  1.7
Stealth        | |  4.5

Action                   || total
-------------------------++-------
Melee: Mace              ||    10
Evoke: Wand              ||     1
  Use: Scroll            ||     1
 Stab: Sleeping          ||     1
Armor: Leather armour    ||     2
Dodge: Dodged            ||    13
